Map: El Dorado

Players

Rogue

  • Race: Zerg Zerg
  • Spawn Location: 7:00

ByuN - Winner!

  • Race: Terran Terran
  • Spawn Location: 5:00

VOD

Have the link to the VOD?

Description

Time

  • Played on: March 12, 2025, 7:37 a.m.
  • Length: 5:08
Show
View Real Time Build Order
Export as new Build Order

Rogue Zerg 

Build Orders: Hatch First, Roach Nydus 

Get SALT Encoding   

  12  0:00  Drone  
  13  0:12  Overlord  
  13  0:17  Drone  
  14  0:30  Drone  
  14  0:31  Drone  
  16  0:49  Hatchery  
  15  0:51  Drone  
  15  0:55  Drone  
  17  0:58  Drone  
  18  1:09  Extractor  
  17  1:14  Spawning Pool  
  17  1:18  Drone  
  17  1:20  Drone  
  18  1:28  Drone  
  19  1:38  Drone  
  20  1:49  Drone  
  21  2:01  Queen x2  
  21  2:02  Zergling x4  
  27  2:12  Overlord  
  27  2:13  Zergling x2  
  28  2:28  Hatchery  
  28  2:29  Drone  
  28  2:33  Drone  
  28  2:36  Drone  
  30  2:39  Drone  
  31  2:47  Queen  
  33  2:53  Overlord  
  33  2:57  Drone  
  34  2:59  Drone  
  34  3:02  Drone  
  36  3:11  Lair  
  36  3:12  Extractor  
  35  3:15  Drone x2  
  35  3:16  Drone  
  35  3:17  Drone  
  39  3:22  Drone  
  39  3:26  Drone x2  
  42  3:30  Overlord  
  42  3:37  Roach Warren  
  41  3:42  Queen  
  41  3:46  Drone  
  44  3:52  Drone  
  44  3:54  Queen  
  47  4:00  Drone x2  
  49  4:06  Overlord  
  49  4:13  Nydus Network  
  48  4:17  Roach  
  48  4:18  Roach x2  
  54  4:24  Overlord x2  
  58  4:31  Roach x2  
  58  4:40  Roach  
  58  4:41  Roach x2  
  58  4:42  Overlord  
  64  4:50  Nydus Canal  
Show
View Real Time Build Order
Export as new Build Order

ByuN Terran - Winner!

Build Orders: Reaper Expand, Hellion Banshee 

Get SALT Encoding   

  12  0:00  SCV  
  13  0:12  SCV  
  14  0:17  Supply Depot  
  14  0:24  SCV  
  15  0:39  SCV  
  15  0:40  Barracks  
  16  0:44  Refinery  
  16  0:51  SCV  
  17  1:03  SCV  
  18  1:15  SCV  
  19  1:27  Reaper  
  19  1:28  Orbital Command  
  20  1:41  Command Center  
  20  1:48  Supply Depot  
  21  1:54  SCV  
  21  1:59  Marine  
  22  2:06  SCV  
  23  2:09  Factory  
  23  2:18  SCV  
  23  2:21  Barracks Reactor  
  24  2:30  SCV  
  25  2:42  SCV  
  26  2:45  Command Center  
  26  2:54  Orbital Command, SCV  
  27  3:01  Starport  
  27  3:05  Refinery  
  27  3:07  SCV  
  28  3:17  Hellion x2  
  28  3:19  SCV  
  33  3:22  Barracks Tech Lab  
  33  3:24  SCV  
  34  3:38  Hellion, SCV x2  
  34  3:39  Hellion  
  40  3:46  Barracks Tech Lab, Banshee  
  43  3:50  SCV  
  43  3:51  SCV  
  45  3:59  Hellion  
  45  4:00  Hellion  
  50  4:03  SCV x2  
  50  4:05  Orbital Command  
  51  4:11  Marine  
  51  4:15  SCV  
  51  4:16  SCV  
  54  4:19  Orbital Command  
  54  4:22  Supply Depot  
  54  4:29  Factory Reactor  
  54  4:30  Marine  
  55  4:32  Barracks  
  55  4:34  SCV  
  55  4:35  SCV  
  60  4:46  SCV, Barracks  
  60  4:47  SCV x2  
  60  4:48  Marine  
  64  4:58  Bunker  
  66  5:01  Supply Depot  
Tags
 
Add a new tag
Caveats
  • Supply blocks, unpowered buildings, or Contaminate may cause inaccurate times.
  • Supply counts are checked every 10 seconds.